 Dungeon Crawl Stone Soup version 0.24.0-37-gcf1ca852f1 (webtiles) character file.

Game seed: 3381177761395102993, levelgen mode: deterministic

1054 Mrkan the Spear-Bearer (level 8, -14/94 HPs)
             Began as a Merfolk Gladiator on Nov 25, 2019.
             Was a Follower of Ashenzari.
             Demolished by Pikel
             ... wielding a +1 whip of electrocution
              (18 damage)
             ... on level 6 of the Dungeon.
             The game lasted 00:09:01 (5113 turns).

Mrkan the Spear-Bearer (Merfolk Gladiator)          Turns: 5113, Time: 00:09:02

Health: -14/94     AC: 24    Str: 16    XL:     8   Next: 26%
Magic:  8/8        EV:  2    Int:  7    God:    Ashenzari [*.....]
Gold:   269        SH:  0    Dex: 22    Spells: 7/7 levels left

rFire    . . .     SeeInvis .   a - +0 trident (curse)
rCold    . . .     Gourm    .   (no shield)
rNeg     + + +     Faith    .   (armour currently unavailable)
rPois    +         Spirit   .   (helmet currently unavailable)
rElec    .         Reflect  .   (cloak currently unavailable)
rCorr    .         Harm     .   (gloves currently unavailable)
MR       +....     NoTele   +   (boots currently unavailable)
Stlth    ++........             (no amulet)
HPRegen  0.25/turn              x - +4 ring of dexterity
MPRegen  0.11/turn              (no ring)

@: tree-form
A: (change form in water), (swift swim), (stealthy swim), magic resistance 1,
strong 1, wild magic 1
a: Curse Item, Scrying, Renounce Religion


You were on level 6 of the Dungeon.
You worshipped Ashenzari.
Ashenzari was aware of your devotion.
You were not hungry.
You were a tree.
You visited 1 branch of the dungeon, and saw 6 of its levels.

You collected 269 gold pieces.

Inventory:

Hand Weapons
 a - a cursed +0 trident (weapon)
Missiles
 d - 4 throwing nets (quivered)
Armour
 b - a +0 leather armour (melded)
 c - a +0 helmet (melded)
 A - a +0 cloak (melded)
Jewellery
 j - an uncursed ring of wizardry
 x - a +4 ring of dexterity (left branch)
Wands
 r - a wand of flame (21)
 y - a wand of digging (7)
Scrolls
 g - 2 scrolls of remove curse
 h - a scroll of amnesia {unknown}
 l - 9 scrolls of identify {unknown}
 o - 3 scrolls of enchant armour {unknown}
 p - a scroll of random uselessness {unknown}
 s - a scroll of fog {unknown}
 t - a scroll of magic mapping {unknown}
 u - a scroll of immolation {unknown}
 v - a scroll of enchant weapon {unknown}
 w - a scroll of noise {unknown}
 z - a scroll of teleportation {unknown}
 D - a scroll of fear {unknown}
Potions
 i - 3 potions of resistance {unknown}
 k - a potion of mutation
 m - a potion of brilliance {unknown}
 n - 3 potions of curing {unknown}
 q - a potion of flight {unknown}
 B - 2 potions of heal wounds {unknown}
 C - a potion of ambrosia {unknown}
Comestibles
 f - 7 rations


   Skills:
 + Level 5.5 Fighting
 * Level 10.4 Polearms
 - Level 2.0 Throwing
 + Level 7.3 Dodging


You had 7 spell levels left.
You didn't know any spells.
Your spell library contained the following spells:

 Spells                   Type           Power        Failure   Level  Hunger
 Beastly Appendage        Tmut           #.....       52%         1    ##.....
 Summon Small Mammal      Summ           #...         52%         1    ##.....
 Call Imp                 Summ           #.......     65%         2    ###....
 Sticks to Snakes         Tmut           #.......     65%         2    ###....
 Call Canine Familiar     Summ           #.......     86%         3    ####...
 Spider Form              Tmut/Pois      #.........   86%         3    ####...
 Summon Guardian Golem    Hex/Summ       #.......     86%         3    ####...
 Ice Form                 Ice/Tmut       #.......     99%         4    #####..
 Summon Ice Beast         Ice/Summ       #.......     99%         4    #####..
 Summon Lightning Spire   Summ/Air       #.......     99%         4    #####..
 Blade Hands              Tmut           #.........   100%        5    ######.


Dungeon Overview and Level Annotations

Branches:
Dungeon (6/15)             Temple (0/1) D:5

Altars:
Ashenzari
Elyvilon
Beogh

Shops:
D:5 [

Annotations:
D:3 3 runed translucent doors, kalagan's ghost, amateur GrEE
D:6 Pikel


Innate Abilities, Weirdness & Mutations

((You revert to your normal form in water.))
((You are very nimble and swift while swimming.))
((You are very stealthy in the water. (Stealth+)))
You are resistant to hostile enchantments. (MR+)
((You are covered in fur. (AC +1)))
Your muscles are strong. (Str +2)
Your spells are a little harder to cast, but a little more powerful.


Message History

Pikel hits you but does no damage.
Unknown command.
You hit Pikel but do no damage.
Pikel is heavily wounded.
The slave hits you.
* * * LOW HITPOINT WARNING * * *
Unknown command.
You puncture Pikel!
Pikel is severely wounded.
The slave hits you but does no damage. Pikel hits you but does no damage.
You closely miss Pikel.
Pikel is severely wounded.
The slave hits you but does no damage. x2; Pikel hits you but does no damage.
Unknown command.
You barely miss Pikel.
Pikel is severely wounded.
The slave hits you but does no damage. The slave hits you.
* * * LOW HITPOINT WARNING * * *
Pikel hits you but does no damage.
You are electrocuted!!
You die...

##....#...............###'##..#..
.#....#..#....#.......#...#...#..
.#.....÷##....##......#...#...#..
.#......#......#......#...##'##..
.#.....##..##..##..#'####'#).....
<#.....#..####..#.....#...#......
##.....#.. ..#.....#...#......
.#.....##. .##.....#...#......
.'......# #♣p....#...'....##
.#......# #Kp...##...#....#.
.#....#..# #.p....##'###....#.
##....#.... ...######### ###..#.
......#......... ##.#. ......#
##....# ###. ..##### ####+ #. ..+
## ..# #


You could see Pikel and 3 slaves.

Vanquished Creatures
  A slave (D:6)
  A phantom (D:5)
  An ice beast (D:5)
  An ogre (D:5)
  A centaur (D:5)
  A crocodile (D:4)
  Blork the orc (D:4)
  2 crimson imps
  A jelly (D:4)
  A hound (D:4)
  3 orc priests
  Crazy Yiuf (D:4)
  Terence (D:3)
  An orc wizard (D:3)
  3 worker ants
  A hound skeleton (D:4)
  A gnoll (D:1)
  7 adders
  3 oozes
  3 worms
  2 dart slugs
  2 leopard geckos
  7 orcs
  2 ball pythons
  7 giant cockroaches
  10 hobgoblins
  9 jackals
  7 kobolds
  3 quokkas
  6 bats
  9 frilled lizards
  11 goblins
  2 quokka skeletons
  12 rats
124 creatures vanquished.

Notes
Turn   | Place    | Note
-------+----------+-------------------------------------------
     0 | D:1      | Mrkan the Merfolk Gladiator began the quest for the Orb.
     0 | D:1      | Reached XP level 1. HP: 16/16 MP: 1/1
   131 | D:1      | Reached XP level 2. HP: 12/23 MP: 2/2
   532 | D:1      | Reached skill level 5 in Polearms
   702 | D:1      | Reached XP level 3. HP: 20/28 MP: 3/3
  1120 | D:2      | Reached XP level 4. HP: 34/34 MP: 4/4
  1218 | D:2      | Reached skill level 6 in Polearms
  1710 | D:3      | Noticed Terence
  1720 | D:3      | Killed Terence
  1720 | D:3      | Reached skill level 5 in Dodging
  1720 | D:3      | Reached XP level 5. HP: 39/41 MP: 5/5
  1767 | D:3      | Found a shattered altar of Ashenzari.
  1775 | D:3      | Became a worshipper of Ashenzari the Shackled
  1900 | D:3      | Reached skill level 7 in Polearms
  1965 | D:3      | HP: 1/42 [orc wizard/+0 dagger (6)]
  1974 | D:3      | Gained mutation: Your muscles are strong. (Str +2) [potion
                  | of mutation]
  1974 | D:3      | Gained mutation: Your spells are a little harder to cast,
                  | but a little more powerful. [potion of mutation]
  1974 | D:3      | Gained mutation: You are resistant to hostile enchantments.
                  | (MR+) [potion of mutation]
  1974 | D:3      | Gained mutation: You are covered in fur. (AC +1) [potion of
                  | mutation]
  1977 | D:3      | Reached XP level 6. HP: 5/48 MP: 6/6
  2434 | D:3      | Found a runed translucent gate.
  2435 | D:3      | Found a runed translucent gate.
  2437 | D:3      | Found a runed translucent gate.
  2450 | D:3      | Noticed kalagan's ghost (amateur GrEE)
  2453 | D:3      | Found a roughly hewn altar of Beogh.
  2728 | D:4      | Reached skill level 8 in Polearms
  2836 | D:4      | Noticed Blork the orc
  2848 | D:4      | Killed Blork the orc
  2848 | D:4      | Reached XP level 7. HP: 42/55 MP: 7/7
  3316 | D:4      | Reached skill level 9 in Polearms
  3370 | D:4      | Found a white marble altar of Elyvilon.
  3543 | D:4      | Found a runed translucent door.
  3544 | D:4      | Noticed Crazy Yiuf
  3604 | D:4      | Killed Crazy Yiuf
  3909 | D:5      | Entered Level 5 of the Dungeon
  4016 | D:5      | Reached skill level 5 in Fighting
  4352 | D:5      | Reached skill level 10 in Polearms
  4352 | D:5      | Reached XP level 8. HP: 55/62 MP: 8/8
  4414 | D:5      | Found a staircase to the Ecumenical Temple.
  4415 | D:5      | Reached * piety under Ashenzari
  4546 | D:5      | Found Afydezut's Antique Armour Shop.
  5084 | D:6      | Noticed Pikel
  5113 | D:6      | HP: 4/94 [slave[Pikel] (3)]
  5113 | D:6      | Demolished by Pikel

Levels and vault maps discovered:
D:1:      dpeg_arrival_renting, layout_basic
D:2:      layout_basic, first_ration, minmay_randomly_rotated_circles
D:3:      layout_rooms, biasface_ghost_orc_armoury, minmay_misc_feat_diagonals,
          evilmike_ruin_ashenzari, uniq_terence
D:4:      layout_basic, elyvilon_altar_3, uniq_crazy_yiuf_cottage,
          uniq_blork_the_orc
D:5:      layout_basic, minmay_temple_entry_hall, serial_shops,
          nicolae_shop_waterfront
D:6:      layout_gridville, kennysheep_donut, minmay_misc_feat_iff,
          nrook_loot_triangle, uniq_pikel

Skill      XL: |  1  2  3  4  5  6  7 |
---------------+----------------------+-----
Polearms       | 5 6 7 8 10 | 10.4
Fighting       | 3 4 5 |  5.5
Dodging        | 5 6 7 |  7.3
Throwing       | |  2.0

Action                   |  1- 3 |  4- 6 |  7- 9 || total
-------------------------+-------+-------+-------++-------
Melee: Trident           |   103 |   233 |   174 ||   510
Invok: Curse Item        |       |       |     1 ||     1
  Use: Potion            |       |     2 |     1 ||     3
 Stab: Sleeping          |     5 |     2 |       ||     7
  Eat: Chunk             |     1 |     6 |     7 ||    14
Armor: Leather armour    |    14 |    50 |    17 ||    81
       Skin              |       |    26 |    16 ||    42
Dodge: Dodged            |    73 |   206 |   135 ||   414
